 Dungeon Crawl Stone Soup version 0.29.1-13-g9f3cf754e1 (webtiles) character file.

Game seed: 1670484678869957354

59 H0rd4k the Charlatan (level 4, -1/30 HPs)
             Began as an Octopode Artificer on Jan 26, 2023.
             Killed by divine providence
             ... invoked by an orc priest
              (16 damage)
             ... on level 3 of the Dungeon.
             The game lasted 00:01:20 (2411 turns).

H0rd4k the Charlatan (Octopode Artificer)           Turns: 2411, Time: 00:01:21

Health: -1/30      AC:  1    Str: 11    XL:     4   Next: 3%
Magic:  6/6        EV: 13    Int: 15    God:
Gold:   116        SH:  0    Dex: 12    Spells: 6/6 levels left

rFire   . . .      SeeInvis .     - Unarmed
rCold   . . .      Faith    .   (no shield)
rNeg    . . .      Spirit   .   (helmet restricted)
rPois   .          Reflect  .   (no amulet)
rElec   .          Harm     .   (no ring)
rCorr   .          Rampage  .   (no ring)
Will    .....                   (no ring)
Stlth   +++.......              (no ring)
HPRegen 0.10/turn               (no ring)
MPRegen 0.10/turn               (no ring)
                                (no ring)
                                (no ring)

@: no status effects
A: almost no armour, amphibious, 8 rings, camouflage 1, gelatinous body 1,
(nimble swimmer 1), tentacles
a: no special abilities


You were on level 3 of the Dungeon.
You visited 1 branch of the dungeon, and saw 3 of its levels.

You collected 116 gold pieces.

Inventory:

Magical Staves
 l - a staff of poison
Wands
 b - a wand of flame (15) (quivered)
 c - a wand of charming (14)
 d - a wand of iceblast (5)
Scrolls
 f - a scroll of enchant weapon {unknown}
 h - a scroll of vulnerability {unknown}
 i - a scroll of poison {unknown}
 j - a scroll of fear {unknown}
 m - 2 scrolls of identify {unknown}
Potions
 a - a potion of degeneration {unknown}
 e - 2 potions of curing {unknown}
 g - a potion of cancellation {unknown}
 k - 2 potions of attraction {unknown}
 n - a potion of lignification {unknown}


   Skills:
 * Level 2.4 Fighting
 - Level 2.3 Dodging
 - Level 1.3 Stealth
 + Level 1.3 Unarmed Combat
 * Level 1.8 Spellcasting
 - Level 3.2 Evocations


You had 6 spell levels left.
You didn't know any spells.
Your spell library contained the following spells:

 Spells                   Type           Power      Damage    Failure   Level
 Summon Lightning Spire   Summ/Air       1%         N/A       92%         4
 Storm Form               Tmut/Air       0%         N/A       100%        7
 Maxwell's Capacitive Co  Air            0%         ∞         100%        8


Dungeon Overview and Level Annotations

Branches:
Dungeon (3/15)

Altars:

Annotations:
D:1 exclusion: downstairs
D:2 Ijyb


Innate Abilities, Weirdness & Mutations

You cannot wear most types of armour.
You are amphibious.
You can wear up to eight rings at the same time.
Your skin changes colour to match your surroundings (Stealth+).
Your rubbery body absorbs attacks. (AC +1, EV +1)
((You are camouflaged when in or above water. (Stealth+)))
You have tentacles for arms and can constrict up to eight enemies at once.


Message History

No reachable target in view!
An orc is nearby!
No reachable target in view! 2 orcs come into view.
The orc shouts! x2; You hear a shout!
The orc moves out of view.
You hear a shout! x2
No target in view! 2 orcs come into view.
The orc shouts! x2
The orc moves out of view. x2
An orc priest comes into view. It is wielding a +0 dagger.
The orc priest invokes the aid of Beogh against you.
Pain shoots through your body!
There are monsters nearby!
The orc attacks as you move away! The orc hits you but does no damage.
The orc attacks as you move away! The orc hits you with a +0 club.
Aiming: Charm
Press: ? - help, Shift-Dir - straight line, f - orc
Aim: an orc, wielding a +0 club, wearing a +0 leather armour and quivering boomerangs (chance to affect: 73%)
The orc is charmed.
The orc barely misses your orc.
Unknown command.
What are your orders? t - Shout!
Orders for allies: a - Attack new target. p - Attack previous target. r - Retreat! s - Stop attacking. g - Guard the area. f - Follow me.
Anything else - Cancel.
Guard this area!
Your orc hits the orc with a +0 club.
The orc priest calls upon Beogh to heal the orc.
The orc's wounds heal themselves!
The orc barely misses your orc.
Your orc hits the orc with a +0 club. The orc hits your orc with a +0 dagger.
Your orc barely misses the orc.
The orc priest misses your orc.
The orc hits your orc but does no damage.
The orc priest hits your orc with a +0 dagger.
Your orc dies!
The orc priest mumbles some strange prayers to Beogh against you.
Beogh smites you!
Ouch! That really hurt!
You die...

#..........#......#
###.##########...<..#
####...### #......#
#.........## #.....<#
..#######..#
###'###### #$⌠ ##.#
#....... #... #.#
######## #.......#.#
#.8.oo8.#@#
#.......#.#
.......#.# .......#.#
.8...8.#.# .......#o#
.......oo#
........o.....#
###############


You could see an orc priest and 3 orcs.

Vanquished Creatures
  2 adders (D:2)
  A dart slug (D:2)
  7 ball pythons
  5 bats
  5 endoplasms
  A goblin (D:1)
  5 hobgoblins
  3 quokkas
  5 frilled lizards
  A kobold (D:1)
  3 rats
38 creatures vanquished.

Vanquished Creatures (others)
  An orc (D:3)
1 creature vanquished.

Grand Total: 39 creatures vanquished

Notes
Turn   | Place    | Note
-------+----------+-------------------------------------------
     0 | D:1      | H0rd4k the Octopode Artificer began the quest for the Orb.
     0 | D:1      | Reached XP level 1. HP: 13/13 MP: 1/1
   358 | D:1      | Reached XP level 2. HP: 17/18 MP: 1/3
   664 | D:1      | Reached skill level 1 in Spellcasting
  1118 | D:1      | Reached XP level 3. HP: 14/24 MP: 4/4
  1941 | D:2      | Reached skill level 1 in Unarmed Combat
  2142 | D:2      | Reached XP level 4. HP: 28/30 MP: 6/6
  2259 | D:2      | Noticed Ijyb
  2411 | D:3      | Killed from afar by an orc priest

Illustrated notes

Levels and vault maps discovered:
D:1:      dpeg_arrival_tiny_a, layout_basic
D:2:      kennysheep_the_goblin_king, layout_rooms
D:3:      cheibrodos_pilgrimage, layout_basic, doesnt_xom_only_xom

Skill      XL: |  1  2  3 |
---------------+----------+-----
Spellcasting   | 1 |  1.8
Fighting       | 2 |  2.4
Unarmed Combat | 1 |  1.3
Dodging        | |  2.3
Stealth        | |  1.3
Evocations     | |  3.2

Action                   |  1- 3 |  4- 6 || total
-------------------------+-------+-------++-------
Melee: Unarmed           |   103 |     3 ||   106
       Constrict         |    26 |     1 ||    27
       Tentacles         |    24 |       ||    24
       Punch             |       |     1 ||     1
Evoke: Wand              |       |     1 ||     1
 Stab: Sleeping          |     6 |     1 ||     7
Armor: Skin              |    11 |     1 ||    12
Dodge: Dodged            |    77 |     3 ||    80
